[Event "Titled Tuesday Blitz February 28 Early 2023"]
[White "Melikyan, Gnel"]
[Black "So, Wesley"]
[WhiteFideId "54109990"]
[BlackFideId "5202213"]
[WhiteElo "2138"]
[BlackElo "2739"]
[Result "0-1"]
[Round "02"]
[TimeControl "180+2"]
[Date "2023.02.28"]
[WhiteClock "0:00:03"]
[BlackClock "0:00:07"]

1. e4 e5 2. Nf3 Nc6 3. d4 exd4 4. Nxd4 Bc5 5. Nxc6 Qf6 6. Qf3 dxc6 7. Nc3 Be6 8. Qg3 O-O-O 9. Be3 Bd6 10. f4 Bb4 11. Bd2 Nh6 12. Bd3 Bc5 13. O-O-O Bd4 14. f5 Be5 15. Qg5 Bd7 16. Qxf6 Bxf6 17. h3 Be5 18. g4 f6 19. g5 Nf7 20. h4 Rhe8 21. Rde1 c5 22. gxf6 gxf6 23. Nd5 Bc6 24. Ne3 Bf4 25. Ng4 Bxd2+ 26. Kxd2 c4 27. Nxf6 Re7 28. Nxh7 cxd3 29. cxd3 Ne5 30. Ng5 Nxd3 31. Kc2 Nxe1+ 32. Rxe1 Rf8 33. Kd2 Rd8+ 34. Kc2 Rf8 35. Kd2 Re5 36. h5 Rd8+ 37. Kc2 Rc5+ 38. Kb1 Rh8 39. Rh1 Rxf5 0-1


[Site "https://www.chess.com"]

[Event "Titled Tuesday Blitz February 28 Early 2023"]
[White "Andreikin, Dmitry"]
[Black "Md, Imran"]
[WhiteFideId "4158814"]
[BlackFideId "25748580"]
[WhiteElo "2736"]
[BlackElo "2217"]
[Result "1-0"]
[Round "02"]
[TimeControl "180+2"]
[Date "2023.02.28"]
[WhiteClock "0:00:04"]
[BlackClock "0:00:14"]

1. d4 d5 2. c4 e6 3. Nc3 Nf6 4. cxd5 exd5 5. Bg5 Be7 6. e3 O-O 7. Bd3 h6 8. Bh4 c6 9. Nge2 Ne4 10. Bxe7 Qxe7 11. Qc2 Nd6 12. O-O Nd7 13. Ng3 Nf6 14. Rae1 Qc7 15. f3 c5 16. Kh1 cxd4 17. exd4 Be6 18. Nce4 Qd8 19. Nc5 Bc8 20. Qd2 b6 21. Na4 Re8 22. Nc3 Be6 23. Bb1 Rc8 24. Qd3 g6 25. Qd2 Kg7 26. Qf4 Nc4 27. Qc1 Qd6 28. f4 Bd7 29. Re5 b5 30. b3 Nb6 31. Qd2 Qb4 32. Rf3 Ng4 33. h3 Nxe5 34. fxe5 Qe7 35. Nh5+ gxh5 36. Rg3+ Bg4 37. hxg4 Qh4+ 38. Rh3 Qg5 39. Qd3 hxg4 40. Qh7+ Kf8 41. Rd3 g3 42. Kg1 b4 43. Rf3 Rc7 44. Ne2 Qg7 45. Qxg7+ Kxg7 46. Nxg3 Kf8 47. Kh2 Rc1 48. Bg6 Re7 49. Bh5 Rec7 50. Nf5 Nc8 51. Nxh6 Kg7 52. Nxf7 R1c3 53. Rf4 Ne7 54. Ng5 Ng6 55. Ne6+ Kh6 56. Bxg6 Kxg6 57. Rf6+ Kh5 58. Nxc7 Rxc7 59. Kh3 Kg5 60. g3 Rh7+ 61. Kg2 Rc7 62. Rd6 Rc2+ 63. Kh3 Rxa2 64. Rxd5 Kf5 65. g4+ Ke4 66. Rd7 Ra6 67. Rd6 Ra3 68. e6 Rxb3+ 69. Kh4 Kf4 70. d5 Re3 71. Rd7 Re1 72. Kh5 Ke5 73. e7 Kf6 74. g5+ Kf5 75. Kh6 b3 76. d6 b2 77. Rb7 Rh1+ 78. Kg7 1-0


[Site "https://www.chess.com"]

[Event "Titled Tuesday Blitz February 28 Early 2023"]
[White "Vaibhav Jayant Raut"]
[Black "Caruana, Fabiano"]
[WhiteFideId "5089034"]
[BlackFideId "2020009"]
[WhiteElo "2156"]
[BlackElo "2818"]
[Result "0-1"]
[Round "02"]
[TimeControl "180+2"]
[Date "2023.02.28"]
[WhiteClock "0:00:02"]
[BlackClock "0:00:41"]

1. d4 Nf6 2. Nf3 g6 3. g3 Bg7 4. Bg2 O-O 5. O-O d6 6. c4 Bf5 7. Nc3 Ne4 8. Bd2 c6 9. Nh4 Nxd2 10. Qxd2 Be6 11. d5 cxd5 12. cxd5 Bd7 13. Rfc1 Na6 14. Nf3 Qb6 15. e3 Rfc8 16. Nd4 Nc5 17. Rc2 a5 18. Rd1 a4 19. h3 Qa5 20. Ne4 Nxe4 21. Rxc8+ Bxc8 22. Qxa5 Rxa5 23. Bxe4 Rc5 24. Rd2 Bxh3 25. b3 Bd7 26. bxa4 Bxa4 27. Rb2 Bxd4 28. exd4 Rc7 29. Rb4 Bd7 30. Kg2 Kg7 31. Kf3 Kg8 32. Kg2 Kg7 33. Kf3 Kf6 34. Ke3 h5 35. a4 g5 36. Kf3 h4 37. gxh4 gxh4 38. a5 Kg5 39. Rb1 Rc3+ 40. Kg2 Bc8 41. Kh2 Kf4 42. Bg2 h3 43. Bh1 Rc2 44. Kg1 Ra2 45. Re1 f5 46. Rxe7 Rxa5 47. Rh7 b5 48. Rxh3 b4 49. Rb3 Ra1+ 50. Kh2 Ra4 51. Bg2 Ba6 52. Rf3+ Kg5 53. Rb3 Bc4 54. Rb2 b3 55. Bf3 Ra2 56. Rb1 Rxf2+ 57. Kg3 Rd2 0-1


[Site "https://www.chess.com"]

[Event "Titled Tuesday Blitz February 28 Early 2023"]
[White "Firouzja, Alireza"]
[Black "Belozerov, Andrei"]
[WhiteFideId "12573981"]
[BlackFideId "4120213"]
[WhiteElo "2904"]
[BlackElo "2360"]
[Result "1-0"]
[Round "02"]
[TimeControl "180+2"]
[Date "2023.02.28"]
[WhiteClock "0:01:43"]
[BlackClock "0:00:09"]

1. d4 Nf6 2. Bg5 d5 3. e3 c5 4. Bxf6 gxf6 5. dxc5 e6 6. c4 dxc4 7. Nd2 Bxc5 8. Bxc4 Nc6 9. Ngf3 f5 10. O-O Qf6 11. Qc2 Bb6 12. Bb5 Bd7 13. Nc4 Bc7 14. Rfd1 O-O-O 15. Nd6+ Bxd6 16. Rxd6 Kc7 17. Rad1 Bc8 18. Bxc6 Rxd6 19. Bxb7+ Kxb7 20. Rxd6 Rd8 21. Qc6+ Kb8 22. Ne5 Qe7 23. Nxf7 Rxd6 24. Nxd6 Bd7 25. Qb7# 1-0


[Site "https://www.chess.com"]

[Event "Titled Tuesday Blitz February 28 Early 2023"]
[White "Gauri, Shankar"]
[Black "Paravyan, David"]
[WhiteFideId "5041350"]
[BlackFideId "4194985"]
[WhiteElo "2240"]
[BlackElo "2577"]
[Result "0-1"]
[Round "02"]
[TimeControl "180+2"]
[Date "2023.02.28"]
[WhiteClock "0:00:03"]
[BlackClock "0:00:08"]

1. d4 Nf6 2. Nf3 g6 3. Nbd2 d5 4. b4 Bg7 5. e3 a5 6. b5 c5 7. bxc6 Nxc6 8. Ba3 O-O 9. c4 Bf5 10. Rc1 Nb4 11. Qb3 Qd7 12. Be2 dxc4 13. Nxc4 Be6 14. Qb1 Qa4 15. Bd1 Qb5 16. Be2 Rfc8 17. Nfd2 Nfd5 18. O-O Qa4 19. Bd1 Qe8 20. Bf3 b5 21. Bxb4 bxc4 22. Bc5 Rab8 23. Qe4 c3 24. Nc4 Nf6 25. Qd3 Qb5 26. Ne5 Bxa2 27. Rxc3 Qxd3 28. Nxd3 Bd5 29. Ra1 Ne4 30. Bxe4 Bxe4 31. f3 Bxd3 32. Rxd3 Rxc5 33. Rda3 Rcb5 34. Rxa5 Rb1+ 35. Kf2 Rxa1 36. Rxa1 Rb2+ 37. Kg3 Bf6 38. f4 e6 39. Kf3 Kg7 40. h3 h5 41. g4 hxg4+ 42. hxg4 Rb3 43. Ra4 Be7 44. Ke4 Bb4 45. Ra2 Bd6 46. Rf2 f5+ 47. gxf5 gxf5+ 48. Kf3 Bc7 49. Rd2 Bb6 50. Ke2 Kf6 51. Ra2 Ke7 52. Ra6 Kd6 53. Ra8 Kd5 54. Re8 Rb2+ 55. Kf3 Bc7 56. Re7 Bd6 57. Re8 Rb1 58. Rd8 Rf1+ 59. Ke2 Ra1 60. Kf3 Ra7 61. Ke2 Rb7 62. Kf3 Rb6 63. Ke2 Ke4 64. Re8 Rb2+ 65. Kd1 Kd5 66. Ke1 Rh2 67. Kf1 Bb4 0-1


[Site "https://www.chess.com"]

[Event "Titled Tuesday Blitz February 28 Early 2023"]
[White "Erigaisi Arjun"]
[Black "Sadubayev, Airat"]
[WhiteFideId "35009192"]
[BlackFideId "13713264"]
[WhiteElo "2737"]
[BlackElo "2101"]
[Result "1-0"]
[Round "02"]
[TimeControl "180+2"]
[Date "2023.02.28"]
[WhiteClock "0:01:09"]
[BlackClock "0:00:19"]

1. c4 e6 2. Nc3 d5 3. d4 c5 4. cxd5 exd5 5. e3 Nc6 6. Nf3 c4 7. b3 Bb4 8. Bd2 Bxc3 9. Bxc3 b5 10. bxc4 bxc4 11. Bxc4 dxc4 12. d5 Nf6 13. dxc6 Bg4 14. Qxd8+ Rxd8 15. Bxf6 gxf6 16. Nd4 Ke7 17. Kd2 Kd6 18. Kc3 Be6 19. Rab1 Rb8 20. e4 Kc5 21. c7 Rbc8 22. Rb7 a6 23. Rhb1 Rhe8 24. R1b6 Bd7 25. Rxf6 Rxe4 26. Nc2 Be6 27. Nb4 a5 28. Na6+ Kd6 29. Rb8 Rxc7 30. Nxc7 Kxc7 31. Rb5 a4 32. Ra5 Re1 33. Rxa4 Rg1 34. Rxe6 fxe6 35. Rxc4+ Kd6 36. g3 Rf1 37. Rf4 Rh1 38. Rh4 Rf1 39. f4 Kd5 40. Rxh7 Rf3+ 41. Kb4 Rf2 42. a4 Rb2+ 43. Ka5 Rb8 44. Rh5+ Kc4 45. Re5 Ra8+ 46. Kb6 Rxa4 47. Re4+ 1-0


[Site "https://www.chess.com"]

[Event "Titled Tuesday Blitz February 28 Early 2023"]
[White "Skvortsov, Andrei"]
[Black "Duda, Jan-Krzysztof"]
[WhiteFideId "24108600"]
[BlackFideId "1170546"]
[WhiteElo "2259"]
[BlackElo "2790"]
[Result "0-1"]
[Round "02"]
[TimeControl "180+2"]
[Date "2023.02.28"]
[WhiteClock "0:00:06"]
[BlackClock "0:00:19"]

1. e4 Nc6 2. Nc3 e5 3. Nf3 Bb4 4. Bc4 Bxc3 5. dxc3 Nf6 6. Qe2 d6 7. Bg5 h6 8. Bh4 g5 9. Bg3 Bg4 10. O-O-O Rg8 11. h3 Bh5 12. Bh2 Qe7 13. g4 Bg6 14. Nd2 a6 15. a3 h5 16. f3 Nd7 17. Bg1 Rh8 18. Be3 h4 19. Bd5 f6 20. Nb3 Bf7 21. Bxc6 bxc6 22. Na5 c5 23. Kd2 Nf8 24. Ke1 Qd7 25. Kf2 Ne6 26. b4 Qa4 27. Ra1 Ke7 28. Nb3 Rhd8 29. bxc5 d5 30. exd5 Rxd5 31. Rhd1 Nf4 32. Qf1 Rad8 33. Rxd5 Rxd5 34. Rc1 Rd8 35. Nd2 Bg6 36. c4 Qxa3 37. Bxf4 gxf4 38. Qe1 Rd4 39. Nb3 Rxc4 40. Qd2 Qxc1 41. Qd1 Rxc2+ 0-1


[Site "https://www.chess.com"]

[Event "Titled Tuesday Blitz February 28 Early 2023"]
[White "Alex_Sahakyan2006"]
[Black "Le, Tuan Minh"]
[BlackFideId "12401153"]
[WhiteElo "2647"]
[BlackElo "2558"]
[Result "0-1"]
[Round "02"]
[TimeControl "180+2"]
[Date "2023.02.28"]
[WhiteClock "0:00:44"]
[BlackClock "0:01:30"]

1. c4 c6 2. Nf3 d5 3. e3 Nf6 4. Nc3 a6 5. d4 Bf5 6. b3 e6 7. Bb2 Nbd7 8. Bd3 Bg6 9. O-O Bd6 10. Ne2 O-O 11. Ne5 a5 12. cxd5 exd5 13. Nxg6 hxg6 14. a3 Re8 15. Ng3 Nf8 16. Bc3 Qe7 17. Qd2 Bxa3 18. Bxa5 Bd6 19. Bc3 Ne6 20. b4 b5 21. f4 Nf8 22. Rxa8 Rxa8 23. Re1 Ra3 24. Ne2 N8d7 25. Qc1 Bxb4 26. Bxb4 Qxb4 27. Rd1 Nb6 28. Qxc6 Rxd3 29. Rxd3 Qe1# 0-1


[Site "https://www.chess.com"]

[Event "Titled Tuesday Blitz February 28 Early 2023"]
[White "Bluebaum, Matthias"]
[Black "Trent, Lawrence"]
[WhiteFideId "24651516"]
[BlackFideId "408638"]
[WhiteElo "2638"]
[BlackElo "2458"]
[Result "1-0"]
[Round "02"]
[TimeControl "180+2"]
[Date "2023.02.28"]
[WhiteClock "0:00:49"]
[BlackClock "0:00:26"]

1. d4 Nf6 2. c4 e6 3. Nc3 d5 4. cxd5 exd5 5. Bf4 c6 6. e3 Bf5 7. f3 Bd6 8. g4 Be6 9. h4 Qc7 10. Nge2 Nbd7 11. Qd2 h5 12. g5 Ng8 13. Rc1 Bxf4 14. Nxf4 Qd6 15. e4 Ne7 16. Bg2 Ng6 17. Nxg6 fxg6 18. f4 O-O 19. O-O dxe4 20. Nxe4 Qe7 21. Rce1 Rae8 22. Nc3 Qd6 23. d5 Bf5 24. Qf2 c5 25. Ne4 Qb6 26. Ng3 Bg4 27. b3 Qc7 28. Ne4 b6 29. d6 Qb8 30. Qd2 Bf5 31. Ng3 Bg4 32. Re7 b5 33. Rfe1 Qb6 34. Rxe8 1-0


[Site "https://www.chess.com"]

[Event "Titled Tuesday Blitz February 28 Early 2023"]
[White "Atakhan, Abtin"]
[Black "Dubov, Daniil"]
[WhiteFideId "22502203"]
[BlackFideId "24126055"]
[WhiteElo "2189"]
[BlackElo "2802"]
[Result "0-1"]
[Round "02"]
[TimeControl "180+2"]
[Date "2023.02.28"]
[WhiteClock "0:00:03"]
[BlackClock "0:00:13"]

1. c4 e6 2. Nf3 d5 3. g3 Nf6 4. Bg2 Be7 5. O-O O-O 6. b3 Nc6 7. d4 Ne4 8. Bb2 a5 9. Nbd2 f5 10. a3 Qe8 11. Ne1 Bf6 12. e3 a4 13. b4 Nxd2 14. Qxd2 dxc4 15. Rc1 b5 16. d5 Bxb2 17. Qxb2 exd5 18. Bxd5+ Be6 19. Bg2 Rd8 20. Nf3 Bd5 21. Rcd1 Be4 22. Rd2 Rxd2 23. Qxd2 Qd8 24. Qc1 Qf6 25. Rd1 Rd8 26. h4 h6 27. h5 Rxd1+ 28. Qxd1 Qd6 29. Qa1 Qd5 30. Nh4 Bxg2 31. Nxg2 Ne5 32. Nh4 Qe4 33. Qc3 Kf7 34. Qd2 Qd3 35. Qa2 Ke6 36. Kh2 Ng4+ 37. Kg1 Nf6 38. Nf3 Qd1+ 39. Kg2 Qd5 40. Qe2 Ne4 41. Nd4+ Kf6 42. f3 Nd6 43. Qb2 Kf7 44. Qc3 Qe5 45. Qd2 Ne8 46. Nc6 Qd6 47. Nd4 Qd5 48. Qc2 Nd6 49. Qc3 Kg8 50. Qc2 Qf7 51. Qd2 Kh7 52. Nc6 Qxh5 53. Ne5 Qe8 54. Qd4 Qe6 55. Qc3 Nf7 56. Nxf7 Qxf7 57. Qd4 Qe6 58. Kf2 Qc6 59. Qc3 Qd5 60. Ke2 h5 61. Qc2 g5 62. g4 Qd3+ 63. Qxd3 cxd3+ 64. Kxd3 fxg4 65. fxg4 hxg4 66. Ke2 Kg6 67. e4 Kf6 68. Kf2 Ke5 69. Kg3 Kxe4 0-1


[Site "https://www.chess.com"]

[Event "Titled Tuesday Blitz February 28 Early 2023"]
[White "Deac, Bogdan-Daniel"]
[Black "Kowalczyk, Pawel"]
[WhiteFideId "1226380"]
[BlackFideId "1130641"]
[WhiteElo "2649"]
[BlackElo "2324"]
[Result "1-0"]
[Round "02"]
[TimeControl "180+2"]
[Date "2023.02.28"]
[WhiteClock "0:00:03"]
[BlackClock "0:00:01"]

1. b3 e5 2. Bb2 Nc6 3. Nf3 d6 4. c4 Nf6 5. g3 g6 6. Bg2 Bg7 7. O-O O-O 8. d3 a5 9. Nc3 h6 10. a3 Be6 11. e3 d5 12. cxd5 Nxd5 13. Ne4 Qe7 14. Rc1 Rad8 15. Rxc6 bxc6 16. Nxe5 Bxe5 17. Bxe5 f6 18. Bb2 f5 19. Nd2 Rb8 20. Qc2 c5 21. Nc4 a4 22. bxa4 Kh7 23. Rc1 Nb6 24. Ne5 Qd6 25. a5 Na4 26. Ba1 Bb3 27. Qe2 Rfe8 28. f4 Bd5 29. e4 Be6 30. exf5 Bxf5 31. g4 Bd7 32. Be4 Re6 33. Qf2 Rf8 34. Qg3 Bb5 35. h4 Ref6 36. h5 Rxf4 37. hxg6+ Kg8 38. g7 R8f6 39. g5 hxg5 40. Qxg5 Bd7 41. Qh5 Kxg7 42. Qh7+ Kf8 43. Qh8+ Ke7 44. Qg7+ Kd8 45. Nxd7 Qxd7 46. Bxf6+ Kc8 47. Qxd7+ Kxd7 48. Be5 Rg4+ 49. Kf2 Rh4 50. Bf5+ 1-0


[Site "https://www.chess.com"]

[Event "Titled Tuesday Blitz February 28 Early 2023"]
[White "Kononenko, Dmitry"]
[Black "Shimanov, Aleksandr"]
[WhiteFideId "14113538"]
[BlackFideId "4198603"]
[WhiteElo "2206"]
[BlackElo "2631"]
[Result "0-1"]
[Round "02"]
[TimeControl "180+2"]
[Date "2023.02.28"]
[WhiteClock "0:00:05"]
[BlackClock "0:00:17"]

1. d4 d5 2. c4 c6 3. cxd5 cxd5 4. Bf4 Nc6 5. e3 Nf6 6. Nc3 a6 7. Be2 Bf5 8. g4 Be4 9. f3 Bg6 10. h4 h5 11. g5 Nd7 12. Nxd5 Qa5+ 13. Nc3 e5 14. dxe5 Rd8 15. Qa4 Qxa4 16. Nxa4 Ndxe5 17. Nh3 Bb4+ 18. Kf1 O-O 19. e4 Rfe8 20. Kg2 Nd4 21. Bd1 Nd3 22. Be3 b5 23. Nb6 Nxb2 24. Bb3 Nxf3 25. Nf2 Nd2 26. Nd5 Ba5 27. Bxd2 Bxd2 28. Rab1 Nc4 29. Bxc4 bxc4 30. Kf3 c3 31. Rbd1 Bxe4+ 32. Nxe4 Rxd5 33. Nxd2 cxd2 34. Rh2 Rd3+ 35. Kf4 Red8 36. Ke4 Kf8 37. Rf2 Ke7 38. Rf5 R8d4+ 39. Ke5 f6+ 40. gxf6+ gxf6+ 41. Rxf6 Rd5+ 42. Ke4 Kxf6 0-1


[Site "https://www.chess.com"]

[Event "Titled Tuesday Blitz February 28 Early 2023"]
[White "Lazavik, Denis"]
[Black "Weetik, Vjacheslav"]
[WhiteFideId "13515110"]
[BlackFideId "4153472"]
[WhiteElo "2560"]
[BlackElo "2469"]
[Result "1-0"]
[Round "02"]
[TimeControl "180+2"]
[Date "2023.02.28"]
[WhiteClock "0:00:49"]
[BlackClock "0:00:12"]

1. d4 d5 2. c4 c6 3. Nf3 Nf6 4. Qc2 dxc4 5. Qxc4 b5 6. Qc2 e6 7. e4 Qb6 8. a4 Bb7 9. Bd3 Na6 10. Bd2 Nb4 11. Bxb4 Bxb4+ 12. Nc3 a6 13. O-O h6 14. e5 Nd5 15. Nxd5 cxd5 16. axb5 O-O 17. bxa6 Bxa6 18. g3 Rfc8 19. Qe2 Bxd3 20. Qxd3 Rxa1 21. Rxa1 Bf8 22. Rb1 Qb4 23. Kg2 Ra8 24. h4 Ra2 25. Qc2 Qc4 26. Qxc4 dxc4 27. Rc1 Rxb2 28. Rxc4 Bb4 29. h5 Ba5 30. Rc8+ Kh7 31. Ra8 Bb6 32. Rf8 Rb4 33. Rxf7 Bxd4 34. Nxd4 Rxd4 35. Re7 1-0


[Site "https://www.chess.com"]

[Event "Titled Tuesday Blitz February 28 Early 2023"]
[White "Orlov, Georgi"]
[Black "Sarana, Alexey"]
[WhiteFideId "2011271"]
[BlackFideId "24133795"]
[WhiteElo "2638"]
[BlackElo "2717"]
[Result "0-1"]
[Round "02"]
[TimeControl "180+2"]
[Date "2023.02.28"]
[WhiteClock "0:00:05"]
[BlackClock "0:00:10"]

1. d4 Nf6 2. Nf3 d5 3. c4 e6 4. Nc3 Bb4 5. cxd5 exd5 6. Bg5 h6 7. Bh4 g5 8. Bg3 Ne4 9. Qb3 c5 10. dxc5 Nc6 11. e3 Be6 12. Bb5 Qa5 13. Bxc6+ bxc6 14. O-O Nxg3 15. hxg3 d4 16. Qa4 dxc3 17. Qxc6+ Ke7 18. Qd6+ Kf6 19. Qd4+ Kg6 20. Ne5+ Kh7 21. Nc6 Qxc5 22. Nxb4 Qxd4 23. exd4 cxb2 24. Rab1 a5 25. Nc6 Bd5 26. Ne7 Bc4 27. Rxb2 Bxf1 28. Kxf1 Rhb8 29. Rd2 Rb1+ 30. Ke2 Re8 31. Kf3 Rxe7 32. d5 Rb4 33. g4 Rf4+ 34. Kg3 Rd7 35. f3 Rf6 36. d6 Rfxd6 37. Rc2 Rd5 38. Rc5 Rxc5 0-1


[Site "https://www.chess.com"]

[Event "Titled Tuesday Blitz February 28 Early 2023"]
[White "Adhiban, B."]
[Black "Skliarov, Viktor"]
[WhiteFideId "5018471"]
[BlackFideId "14106736"]
[WhiteElo "2587"]
[BlackElo "2284"]
[Result "1-0"]
[Round "02"]
[TimeControl "180+2"]
[Date "2023.02.28"]
[WhiteClock "0:00:29"]
[BlackClock "0:00:04"]

1. b3 e5 2. Bb2 Nc6 3. e3 Nf6 4. Nf3 Bd6 5. c4 e4 6. Nd4 Nxd4 7. Bxd4 c5 8. Bxf6 Qxf6 9. Nc3 Qe5 10. f4 exf3 11. Qxf3 O-O 12. Bd3 a6 13. Qh3 g6 14. O-O Rb8 15. Rf4 Qg7 16. Rf3 Be5 17. Rc1 d5 18. Qh4 d4 19. Nd5 dxe3 20. Rxe3 Bd4 21. Kh1 Bxe3 22. Nf6+ Kh8 23. dxe3 Be6 24. Be4 b6 25. Rf1 Rbd8 26. Bd5 b5 27. e4 bxc4 28. bxc4 Rb8 29. e5 Rb2 30. h3 Rfb8 31. Kh2 Rxa2 32. Bxe6 fxe6 33. Rd1 Qb7 34. Qg3 Qb2 35. Rd7 Rb7 36. Rd8+ Kg7 37. Rg8+ Kf7 38. Rh8 Rb3 39. Rxh7+ Kf8 40. Qg5 Qxg2+ 41. Qxg2 Rxg2+ 42. Kxg2 Rc3 43. Nd7+ Kg8 44. Nf6+ Kf8 45. Ra7 Rxc4 46. Rxa6 Kf7 47. Ra7+ Kf8 48. Kg3 Rd4 49. Nd7+ Kg8 50. Nxc5 Rd5 51. Nd7 Rd4 52. Nf6+ Kf8 53. Nh7+ Kg8 54. Ng5 Rd5 55. Kf4 Rd4+ 56. Ke3 Rh4 57. Nxe6 Rxh3+ 58. Kf4 Rh1 59. Kg5 Rg1+ 60. Kf6 Rf1+ 61. Kxg6 Rg1+ 62. Ng5 1-0


[Site "https://www.chess.com"]

[Event "Titled Tuesday Blitz February 28 Early 2023"]
[White "Jakubowski, Krzysztof"]
[Black "Bortnyk, Olexandr"]
[WhiteFideId "1112848"]
[BlackFideId "14120828"]
[WhiteElo "2359"]
[BlackElo "2734"]
[Result "0-1"]
[Round "02"]
[TimeControl "180+2"]
[Date "2023.02.28"]
[WhiteClock "0:01:09"]
[BlackClock "0:00:18"]

1. e4 Nf6 2. e5 Nd5 3. c4 Nb6 4. d4 d6 5. exd6 exd6 6. Nc3 Be7 7. h3 O-O 8. Bd3 c6 9. Nf3 Na6 10. O-O d5 11. c5 Nd7 12. a3 Nc7 13. Re1 Ne6 14. Ne2 Re8 15. b4 f6 16. Ng3 Ndf8 17. Qc2 g6 18. Bd2 f5 19. Re2 Bf6 20. Rae1 Bd7 21. Qc3 Qc7 22. Ne5 Re7 23. Nf1 Rae8 24. f4 a6 25. g3 Bc8 26. Nh2 Ng7 27. Nhf3 Nd7 28. Kh1 Nf8 29. Rg2 h5 30. Reg1 Qd8 31. Be3 Qc7 32. Qc2 Re6 33. Qf2 R8e7 34. Bd2 Re8 35. Rh2 R6e7 36. g4 Bxe5 37. Nxe5 fxg4 38. hxg4 Bxg4 39. Rxg4 hxg4 40. Qh4 Nh5 41. Nxg6 Nxg6 42. Qxh5 Re1+ 43. Bxe1 Rxe1+ 0-1


[Site "https://www.chess.com"]

[Event "Titled Tuesday Blitz February 28 Early 2023"]
[White "Daneshvar, Bardiya"]
[Black "Vlassov, Nikolai"]
[WhiteFideId "12576468"]
[BlackFideId "4103360"]
[WhiteElo "2482"]
[BlackElo "2324"]
[Result "1-0"]
[Round "02"]
[TimeControl "180+2"]
[Date "2023.02.28"]
[WhiteClock "0:01:00"]
[BlackClock "0:00:12"]

1. b3 e5 2. Bb2 Nc6 3. e3 a6 4. Nf3 e4 5. Nd4 Qf6 6. Qc1 Qg6 7. Nc3 Nf6 8. Nce2 Bc5 9. Nf4 Qh6 10. Nf5 Qg5 11. Ng3 h5 12. h4 Qh6 13. Nf5 Qh7 14. Nxg7+ Qxg7 15. Nd5 Be7 16. Nxc7+ Kf8 17. Nxa8 Bd8 18. a4 Qg6 19. a5 Nxa5 20. Bxf6 Qxf6 21. Rxa5 Bxa5 22. Qa3+ Kg7 23. Qxa5 b5 24. Qc3 Qxc3 25. dxc3 d5 26. c4 dxc4 27. bxc4 Bb7 28. Nb6 b4 29. c5 a5 30. Bb5 Rd8 31. Ke2 1-0


[Site "https://www.chess.com"]

[Event "Titled Tuesday Blitz February 28 Early 2023"]
[White "Diaz Perez, Michel Alejandro"]
[Black "Lenderman, Aleksandr"]
[WhiteFideId "3517179"]
[BlackFideId "2021285"]
[WhiteElo "2333"]
[BlackElo "2607"]
[Result "1/2-1/2"]
[Round "02"]
[TimeControl "180+2"]
[Date "2023.02.28"]
[WhiteClock "0:00:07"]
[BlackClock "0:00:19"]

1. d4 e6 2. c4 b6 3. a3 Bb7 4. Nc3 f5 5. Nf3 Nf6 6. Bg5 Be7 7. e3 O-O 8. Bd3 Ne4 9. Bxe7 Qxe7 10. Qc2 Nxc3 11. Qxc3 Bxf3 12. gxf3 c5 13. O-O-O Nc6 14. Kb1 cxd4 15. exd4 Rac8 16. Rhg1 Qf6 17. Be2 d5 18. cxd5 Ne7 19. Qb3 Nxd5 20. Bc4 Nf4 21. Rge1 Rfe8 22. d5 exd5 23. Bxd5+ Kh8 24. Bb7 Rb8 25. Qc4 Ng6 26. Qc7 Rf8 27. Ba6 b5 28. Rd6 Qh4 29. Qxa7 Qxh2 30. Qd4 Qf4 31. Qxf4 Nxf4 32. Re5 b4 33. a4 h5 34. Rd4 g5 35. Rd6 Kg7 36. Bc4 Rb7 37. Re1 h4 38. Rg1 h3 39. Rxg5+ Kh7 40. Rg1 Rg7 41. Rh1 Rg2 42. Bf1 Rxf2 43. Bxh3 Kg7 44. Rd4 Nxh3 45. Rxh3 Re8 46. Rxb4 Ra8 47. Rhh4 Rxf3 48. Rhc4 Kg6 49. Rc5 f4 50. a5 Rf1+ 51. Ka2 f3 52. Rb6+ Kg7 53. a6 f2 54. Rc7+ Kg8 55. Rf6 Rxa6+ 56. Rxa6 Ra1+ 57. Kxa1 f1=Q+ 58. Ka2 Qxa6+ 59. Kb1 Qd3+ 60. Ka2 Qd5+ 61. Kb1 Kf8 62. Rc3 Ke7 63. Ra3 Kd6 64. Rc3 Qd1+ 65. Ka2 Kd5 66. Ra3 Kc4 67. Rc3+ Kb4 68. Ra3 Qd5+ 69. Kb1 Qc6 70. Rc3 Qe6 71. Ra3 Qe1+ 72. Ka2 Qc1 73. Rc3 Qxc3 74. bxc3+ Kxc3 1/2-1/2


[Site "https://www.chess.com"]

[Event "Titled Tuesday Blitz February 28 Early 2023"]
[White "Sadhwani, Raunak"]
[Black "Seemann, Jakub"]
[WhiteFideId "35093487"]
[BlackFideId "21874697"]
[WhiteElo "2631"]
[BlackElo "2364"]
[Result "1-0"]
[Round "02"]
[TimeControl "180+2"]
[Date "2023.02.28"]
[WhiteClock "0:00:08"]
[BlackClock "0:00:04"]

1. d4 Nf6 2. Nf3 e6 3. c3 d5 4. Bf4 c5 5. e3 Nc6 6. Nbd2 cxd4 7. exd4 Nh5 8. Be3 Bd6 9. Bd3 Nf4 10. Bxf4 Bxf4 11. g3 Bd6 12. O-O O-O 13. Qc2 h6 14. Rfe1 Bd7 15. Rad1 Rb8 16. a4 a6 17. h4 b5 18. axb5 axb5 19. b4 Qc7 20. Nb3 Rfe8 21. Nc5 Bxc5 22. dxc5 e5 23. Bh7+ Kh8 24. Rxd5 g6 25. Bxg6 fxg6 26. Qxg6 Re6 27. Qd3 Be8 28. Qf5 Qf7 29. Qxf7 Bxf7 30. Nxe5 Nxe5 31. Rdxe5 Rxe5 32. Rxe5 Bc4 33. c6 Kg7 34. c7 Rc8 35. Rc5 Kf6 36. g4 Ke6 37. f4 Kd6 38. Kf2 Rxc7 39. Rh5 Ra7 40. Rxh6+ Kd5 41. Kf3 Bd3 42. Rh5+ Kc4 43. Rc5+ Kb3 44. h5 Bc4 45. g5 Kxc3 46. g6 Kxb4 47. Rc8 Ra3+ 48. Ke4 Rh3 49. g7 Bb3 50. Rh8 Rg3 51. h6 Ka3 52. f5 b4 53. f6 Bc2+ 54. Kf4 Rg1 55. f7 Rf1+ 56. Ke3 Rxf7 57. Ra8+ Kb2 58. g8=Q Re7+ 59. Kf4 b3 60. Qh8+ Kc1 61. Ra1+ Kd2 62. Qd4+ Ke2 63. Qf6 Re4+ 64. Kg5 Re3 65. Qf1+ Kd2 66. Qf2+ Kd3 67. h7 b2 68. Ra3+ Kc4 69. Qxe3 b1=Q 70. Rc3+ Kb5 71. Qc5+ Ka6 72. Ra3+ Kb7 73. Ra7+ Kb8 74. h8=Q# 1-0


[Site "https://www.chess.com"]

[Event "Titled Tuesday Blitz February 28 Early 2023"]
[White "Carnicelli, Valerio"]
[Black "Tabatabaei, M. Amin"]
[WhiteFideId "856185"]
[BlackFideId "12521213"]
[WhiteElo "2306"]
[BlackElo "2565"]
[Result "0-1"]
[Round "02"]
[TimeControl "180+2"]
[Date "2023.02.28"]
[WhiteClock "0:00:19"]
[BlackClock "0:00:57"]

1. e4 c6 2. Nc3 d5 3. Nf3 dxe4 4. Nxe4 Nf6 5. Qe2 Nxe4 6. Qxe4 Be6 7. b3 Nd7 8. Bb2 Bd5 9. Qe2 e6 10. g3 Nf6 11. Bg2 Be7 12. O-O O-O 13. c4 Be4 14. Bxf6 Bxf3 15. Qxf3 Bxf6 16. Rad1 a5 17. Qe4 Bd4 18. Kh1 Qd6 19. f4 g6 20. Bf3 Rfd8 21. Rfe1 a4 22. Qc2 axb3 23. axb3 Ra3 24. Rb1 Qb4 25. Re2 Qa5 26. b4 Qa7 27. Bg2 Ra2 28. Qe4 Bf6 29. d3 Ra3 30. Rd1 Qa4 31. b5 Qxd1+ 0-1


[Site "https://www.chess.com"]

[Event "Titled Tuesday Blitz February 28 Early 2023"]
[White "Makarian, Rudik"]
[Black "Han, Yichen"]
[WhiteFideId "44105681"]
[BlackFideId "1054430"]
[WhiteElo "2419"]
[BlackElo "2342"]
[Result "1-0"]
[Round "02"]
[TimeControl "180+2"]
[Date "2023.02.28"]
[WhiteClock "0:01:09"]
[BlackClock "0:00:02"]

1. d4 Nf6 2. c4 e6 3. Nf3 d5 4. g3 dxc4 5. Bg2 c6 6. O-O b5 7. Ne5 Bb7 8. Nc3 a6 9. b3 cxb3 10. Qxb3 Be7 11. Bf4 O-O 12. Rfd1 Nd5 13. Ne4 Nd7 14. Nxd7 Qxd7 15. Nc5 Qc8 16. Rac1 Rd8 17. Bd2 a5 18. e4 Nf6 19. Bg5 h6 20. Bxf6 Bxf6 21. e5 a4 22. Qe3 Bg5 23. f4 Be7 24. Nxb7 Qxb7 25. Bxc6 Qb6 26. Bxa8 Rxa8 27. Kf2 Rd8 28. d5 Qxe3+ 29. Kxe3 exd5 30. Rc7 Ba3 31. Rb7 Bc5+ 32. Kd3 b4 33. Rc1 Bf8 34. Rcc7 Ra8 35. Ra7 Rb8 36. Rxa4 b3 37. axb3 Rxb3+ 38. Kc2 Re3 39. Ra8 f6 40. Rcc8 1-0


[Site "https://www.chess.com"]